 Dungeon Crawl Stone Soup version 0.27-a0-1272-g7c8ad2e407 (webtiles) character file.

Game seed: 15513939086346604091

2559 Kinoniko the Quickloader (level 9, 0/71 HPs)
             Began as a Gnoll Hunter on June 11, 2021.
             Slain by a wight
             ... wielding a +2 great sword
              (10 damage)
             ... on level 7 of the Dungeon.
             The game lasted 00:11:02 (6768 turns).

Kinoniko the Quickloader (Gnoll Hunter)             Turns: 6768, Time: 00:11:03

Health: 0/71       AC:  9    Str: 15    XL:     9   Next: 56%
Magic:  15/15      EV: 15    Int: 10    God:
Gold:   359        SH:  0    Dex: 19    Spells: 16/16 levels left

rFire    . . .     SeeInvis .   J - +1 long sword (vorpal)
rCold    . . .     Faith    +   (no shield)
rNeg     . . .     Spirit   .   s - +2 leather armour {rPois}
rPois    +         Reflect  .   p - +0 helmet
rElec    .         Harm     .   H - +0 cloak
rCorr    .         Rampage  .   (no gloves)
Will     .....                  b - +0 pair of boots
Stlth    +++.......             t - amulet of faith
HPRegen  0.21/turn              q - +6 ring of dexterity
MPRegen  0.14/turn              k - ring of wizardry

@: no status effects
A: fangs 1, strong nose, distributed training
a: no special abilities


You were on level 7 of the Dungeon.
You visited 1 branch of the dungeon, and saw 7 of its levels.

You collected 359 gold pieces.

Inventory:

Hand Weapons
 a - a +1 hand crossbow
 u - a +0 longbow
 y - a +3 short sword of venom
 J - a +1 vorpal long sword (weapon)
Missiles
 d - 77 bolts
 v - 25 arrows
 A - 3 atropa-tipped darts (quivered)
Armour
 b - a +0 pair of boots (worn)
 p - a +0 helmet (worn)
 s - a +2 leather armour of poison resistance (worn)
 x - a scarf of harm
 H - a +0 cloak (worn)
Jewellery
 k - a ring of wizardry (right hand)
 q - a +6 ring of dexterity (left hand)
 r - an amulet of guardian spirit
 t - an amulet of faith (around neck)
 w - a +4 ring of slaying
Wands
 g - a wand of iceblast (11)
 D - a wand of polymorph (9)
 F - a wand of paralysis (5)
Scrolls
 c - a scroll of torment
 h - a scroll of blinking
 j - a scroll of vulnerability
 n - 2 scrolls of magic mapping
 o - a scroll of fog
 B - a scroll of brand weapon {unknown}
 G - a scroll of enchant weapon
 I - a scroll of fear
Potions
 f - 4 potions of flight
 i - 2 potions of curing
 l - a potion of resistance {unknown}
 m - 2 potions of brilliance
 z - 2 potions of heal wounds
 C - 3 potions of mutation {unknown}
 E - a potion of haste {unknown}


   Skills:
 + Level 6.4 Fighting
 + Level 4.3 Short Blades
 + Level 4.3 Long Blades
 + Level 4.3 Axes
 + Level 4.3 Maces & Flails
 + Level 4.3 Polearms
 + Level 4.3 Staves
 + Level 4.3 Slings
 + Level 4.3 Bows
 + Level 9.6 Crossbows
 + Level 4.3 Throwing
 + Level 4.3 Armour
 + Level 6.4 Dodging
 + Level 5.0 Stealth
 + Level 4.3 Shields
 + Level 4.3 Unarmed Combat
 + Level 4.3 Spellcasting
 + Level 3.6 Conjurations
 + Level 3.6 Hexes
 + Level 3.6 Summonings
 + Level 3.6 Necromancy
 + Level 3.6 Translocations
 + Level 3.6 Transmutations
 + Level 3.6 Fire Magic
 + Level 3.6 Ice Magic
 + Level 3.6 Air Magic
 + Level 3.6 Earth Magic
 + Level 3.6 Poison Magic
 + Level 4.8 Invocations
 + Level 4.3 Evocations


You had 16 spell levels left.
You didn't know any spells.
Your spell library was empty.

Dungeon Overview and Level Annotations

Branches:
Dungeon (7/15)
 Temple: D:4-7

Altars:
Gozag
Makhleb
Nemelex Xobeh
Ru
Trog
Vehumet

Shops:
D:2 (


Innate Abilities, Weirdness & Mutations

You have very sharp teeth.
Your uncanny sense of smell can sniff out nearby items.
Your experience applies equally to all skills.


Message History

You are too injured to fight recklessly!
Fire: 80 bolts
Press: ? - help, Q - select action, (/) - cycle Shift-Dir - straight line, f - wight
Aim: a wight, wielding a +2 great sword and wearing a +0 robe (71% to hit)
You shoot a bolt. The bolt hits the wyvern zombie!
The wyvern zombie is heavily damaged.
Fire: 79 bolts
Press: ? - help, Q - select action, (/) - cycle Shift-Dir - straight line, f/p - wight
Aim: a wight, wielding a +2 great sword and wearing a +0 robe (71% to hit)
You shoot a bolt. The bolt hits the wyvern zombie!
The wyvern zombie is severely damaged.
The wyvern zombie bites you!
* * * LOW HITPOINT WARNING * * *
The wyvern zombie barely misses you.
Fire: 78 bolts
Press: ? - help, Q - select action, (/) - cycle Shift-Dir - straight line, f/p - wight
Aim: a wight, wielding a +2 great sword and wearing a +0 robe (71% to hit)
You shoot a bolt. The bolt hits the wyvern zombie!
You destroy the wyvern zombie!
Unknown command.
Fire: 77 bolts
Press: ? - help, Q - select action, (/) - cycle Shift-Dir - straight line, f/p - wight
Aim: a wight, wielding a +2 great sword and wearing a +0 robe (71% to hit)
Okay, then.
Unknown command.
J - a +1 vorpal long sword (weapon)
You are too injured to fight recklessly!
You hit the wight.
The wight is lightly damaged.
The wight hits you with a +2 great sword!
* * * LOW HITPOINT WARNING * * *
The wight completely misses you.
You closely miss the wight. You bite the wight.
The wight is lightly damaged.
The wight hits you with a +2 great sword.
* * * LOW HITPOINT WARNING * * *
You hit the wight.
The wight is heavily damaged.
The wight hits you with a +2 great sword!
You die...

# # ##. #.## #..##
# #.# #... #.## # #
#.##.. ##.# # .#
####.... #..# ###
##.# #......# #.##
..# ... #......#
###†# . #.#..#
#......######..[#.#
#.#.#
#......##.....#...#
#[..#
#@z(.........#....
#.###
####...........###
#<# #..........##
#.# #..........#..
..# #..........#.#
... ............#.#
.#. #.#..........#
. ..
................ )
.. #(.#..........##


You could see a wight.

Vanquished Creatures
  Maggie (D:6)
  Grinder (D:3)
  A steam dragon (D:7)
  An acid dragon (D:7)
  A water moccasin (D:6)
  A sky beast (D:7)
  An ice beast (D:6)
  2 black bears
  3 ogres
  A necrophage (D:7)
  A centaur (D:6)
  A phantom (D:6)
  3 bullfrogs
  A wyvern zombie (D:7)
  2 scorpions
  A water moccasin zombie (D:6)
  2 hounds
  A jelly (D:7)
  2 bullfrog skeletons
  2 iguanas
  2 orc wizards (D:6)
  A hound skeleton (D:5)
  A howler monkey zombie (D:6)
  Robin (D:3)
  7 adders
  A howler monkey skeleton (D:7)
  2 white imps
  An ufetubus (D:5)
  An adder skeleton (D:4)
  A worm (D:3)
  2 dart slugs
  5 orcs
  5 endoplasms
  3 giant cockroaches
  12 goblins
  11 hobgoblins
  5 jackals (D:1)
  8 kobolds
  6 quokkas (D:1)
  7 ball pythons
  7 bats
  2 frilled lizards
  12 rats
132 creatures vanquished.

Vanquished Creatures (others)
  2 plants (D:1)
  5 toadstools (D:1)
7 creatures vanquished.

Grand Total: 139 creatures vanquished

Notes
Turn   | Place    | Note
-------+----------+-------------------------------------------
     0 | D:1      | Kinoniko the Gnoll Hunter began the quest for the Orb.
     0 | D:1      | Reached XP level 1. HP: 20/20 MP: 1/1
    36 | D:1      | Reached XP level 2. HP: 23/26 MP: 2/2
   115 | D:1      | You fall into a shaft and drop 1 floor!
   278 | D:1      | Reached XP level 3. HP: 27/31 MP: 3/3
   578 | D:1      | Reached skill level 1 in Invocations
   642 | D:1      | Found a faded altar of an unknown god.
  1055 | D:2      | Reached skill level 1 in Short Blades
  1055 | D:2      | Reached skill level 1 in Long Blades
  1055 | D:2      | Reached skill level 1 in Axes
  1055 | D:2      | Reached skill level 1 in Maces & Flails
  1055 | D:2      | Reached skill level 1 in Polearms
  1055 | D:2      | Reached skill level 1 in Staves
  1055 | D:2      | Reached skill level 1 in Slings
  1055 | D:2      | Reached skill level 1 in Bows
  1055 | D:2      | Reached skill level 1 in Throwing
  1055 | D:2      | Reached skill level 1 in Armour
  1055 | D:2      | Reached skill level 1 in Shields
  1055 | D:2      | Reached skill level 1 in Unarmed Combat
  1055 | D:2      | Reached skill level 1 in Spellcasting
  1055 | D:2      | Reached skill level 1 in Evocations
  1278 | D:2      | Found Agiroup's Weapon Emporium.
  1430 | D:3      | Reached XP level 4. HP: 38/38 MP: 5/5
  1450 | D:3      | Reached skill level 1 in Conjurations
  1450 | D:3      | Reached skill level 1 in Hexes
  1450 | D:3      | Reached skill level 1 in Summonings
  1450 | D:3      | Reached skill level 1 in Necromancy
  1450 | D:3      | Reached skill level 1 in Translocations
  1450 | D:3      | Reached skill level 1 in Transmutations
  1450 | D:3      | Reached skill level 1 in Fire Magic
  1450 | D:3      | Reached skill level 1 in Ice Magic
  1450 | D:3      | Reached skill level 1 in Air Magic
  1450 | D:3      | Reached skill level 1 in Earth Magic
  1450 | D:3      | Reached skill level 1 in Poison Magic
  1454 | D:3      | Noticed Robin
  1464 | D:3      | Killed Robin
  1710 | D:3      | Reached XP level 5. HP: 43/43 MP: 6/6
  2346 | D:3      | Noticed Grinder
  2360 | D:3      | Killed Grinder
  2361 | D:3      | Reached skill level 5 in Fighting
  2361 | D:3      | Reached skill level 5 in Dodging
  2361 | D:3      | Reached XP level 6. HP: 35/51 MP: 7/9
  2638 | D:4      | Noticed a moth of wrath
  2641 | D:4      | Found a bloodstained altar of Trog.
  2753 | D:4      | Found an opulent altar of Gozag.
  2860 | D:4      | Reached XP level 7. HP: 11/56 MP: 10/10
  3142 | D:4      | Found the +4 robe of Augmentation {Str+4 Int+4 Dex+4}
  3533 | D:4      | Found a sacrificial altar of Ru.
  3553 | D:4      | Found a burning altar of Makhleb.
  3831 | D:5      | Entered Level 5 of the Dungeon
  3983 | D:5      | Reached skill level 9 in Crossbows
  4260 | D:5      | Found a large runed translucent door.
  4260 | D:5      | Found a large runed translucent door.
  4661 | D:5      | Reached XP level 8. HP: 60/63 MP: 12/12
  4764 | D:5      | Found a sparkling altar of Nemelex Xobeh.
  4775 | D:5      | Found a radiant altar of Vehumet.
  4995 | D:6      | Noticed Maggie
  5011 | D:6      | Killed Maggie
  5985 | D:6      | Reached XP level 9. HP: 55/69 MP: 14/14
  6740 | D:7      | Reached skill level 5 in Stealth
  6768 | D:7      | Slain by a wight

Illustrated notes

Levels and vault maps discovered:
D:1:      ldierk_walled_garden, layout_rooms, basic_ecumenical_altar
D:2:      layout_rooms, serial_shops, nicolae_shop_behind_doors
D:3:      layout_rooms, minmay_increasing_density, uniq_grinder, uniq_robin
D:4:      layout_loops_ring, nicolae_ru_path_of_blood, makhleb_heckhound_becter,
          tgw_trog, nicolae_gozag_cash_rules_everything_around_me
D:5:      layout_basic, jmf_multi_god_temple2, minmay_misc_feat_doors,
          hangedman_decor_push, hangedman_abyss_or_decor_lesser_grid,
          hangedman_decor_opposing, hangedman_glass_teeth
D:6:      minmay_evil_eye, layout_basic, uniq_maggie
D:7:      layout_rooms, kb_xom_exploding_sheep, minmay_temple_entry_poolview

Skill      XL: |  1  2  3  4  5  6  7  8  9 |
---------------+----------------------------+-----
Invocations    | 1 2 3 4 |  4.8
Short Blades   | 1 2 3 4 |  4.3
Long Blades    | 1 2 3 4 |  4.3
Axes           | 1 2 3 4 |  4.3
Maces & Flails | 1 2 3 4 |  4.3
Polearms       | 1 2 3 4 |  4.3
Staves         | 1 2 3 4 |  4.3
Slings         | 1 2 3 4 |  4.3
Bows           | 1 2 3 4 |  4.3
Throwing       | 1 2 3 4 |  4.3
Armour         | 1 2 3 4 |  4.3
Shields        | 1 2 3 4 |  4.3
Unarmed Combat | 1 2 3 4 |  4.3
Spellcasting   | 1 2 3 4 |  4.3
Evocations     | 1 2 3 4 |  4.3
Conjurations   | 1 2 3 |  3.6
Hexes          | 1 2 3 |  3.6
Summonings     | 1 2 3 |  3.6
Necromancy     | 1 2 3 |  3.6
Translocations | 1 2 3 |  3.6
Transmutations | 1 2 3 |  3.6
Fire Magic     | 1 2 3 |  3.6
Ice Magic      | 1 2 3 |  3.6
Air Magic      | 1 2 3 |  3.6
Earth Magic    | 1 2 3 |  3.6
Poison Magic   | 1 2 3 |  3.6
Fighting       | 5 6 |  6.4
Dodging        | 5 6 |  6.4
Stealth        | 3 4 5 |  5.0
Crossbows      | 9 |  9.6

Action                   |  1- 3 |  4- 6 |  7- 9 || total
-------------------------+-------+-------+-------++-------
Melee: Short sword       |     7 |       |   212 ||   219
       Dagger            |    91 |    97 |     2 ||   190
       Bite              |     6 |     4 |    25 ||    35
       Punch             |       |       |     6 ||     6
       Long sword        |       |       |     3 ||     3
 Fire: Hand crossbow     |    27 |    31 |    26 ||    84
  Use: Scroll            |       |       |    16 ||    16
       Potion            |       |       |     3 ||     3
 Stab: Sleeping          |     1 |       |     8 ||     9
Armor: Leather armour    |    21 |    13 |    52 ||    86
       Ring mail         |       |     9 |     5 ||    14
Dodge: Dodged            |    93 |    71 |   147 ||   311

Table legend: (Time is in decaauts)
 A = Elapsed time spent in this place.
 B = Non-inter-level travel time spent in this place.
 C = Inter-level travel time spent in this place.
 D = Time resting spent in this place.
 E = Time spent auto-exploring this place.
 F = Levels seen in this place.
 G = Mean time per level.
                   A        B        C        D        E       F      G
               +--------+--------+--------+--------+--------+-----+--------+
         Total |   6735 |   6554 |    181 |   1396 |   3998 |   7 |  962.1 |
       Dungeon |   6735 |   6554 |    181 |   1396 |   3998 |   7 |  962.1 |
               +--------+--------+--------+--------+--------+-----+--------+

Top non-repeatable levels by time:
     D:6: 1625 daAuts
     D:4: 1274 daAuts
     D:3: 1144 daAuts
     D:5: 1019 daAuts
     D:1: 770 daAuts
     D:2: 630 daAuts
     D:7: 270 daAuts
